 Dungeon Crawl Stone Soup version 0.20-a0-823-gdec668e (webtiles) character file.

641 Gorglomux the Changer (level 7, -1/52 HPs)
             Began as a Grey Draconian Transmuter on Mar 5, 2017.
             Killed from afar by Gorglomux's ghost (25 damage)
             ... with a bolt of negative energy
             ... on level 6 of the Dungeon.
             The game lasted 00:11:25 (5848 turns).

Gorglomux the Changer (Grey Draconian Transmuter)   Turns: 5848, Time: 00:11:26

Health: -1/52      AC: 11    Str: 12    XL:     7   Next: 26%
Magic:  5/12       EV: 11    Int: 15    God:
Gold:   247        SH:  0    Dex: 12    Spells: 5/13 levels left

rFire    + . .     SeeInvis .     - Unarmed
rCold    + . .     Gourm    .   (armour unavailable)
rNeg     . . .     Faith    .   (no shield)
rPois    .         Spirit   .   (helmet restricted)
rElec    .         Reflect  .   h - scarf {rC+ rF+}
rCorr    +         Harm     .   (no gloves)
MR       .....                  (no boots)
Stlth    +.........             (no amulet)
Regen    0.2/turn               (no ring)
MPRegen  0.2/turn               y - ring of resist corrosion

@: drained
A: walk through water, unfitting armour, unbreathing, cold-blooded, AC +11
a: no special abilities


You were on level 6 of the Dungeon.
You were not hungry.

You visited 1 branch of the dungeon, and saw 6 of its levels.

You collected 247 gold pieces.

Inventory:

Missiles
 a - 65 arrows
 w - 6 tomahawks
 x - 27 stones (quivered)
Armour
 h - a scarf of resistance (worn)
   (You found it on level 1 of the Dungeon)
Jewellery
 m - an uncursed ring of ice {rC+, rF-}
   (You found it on level 2 of the Dungeon)
 y - a ring of resist corrosion (left hand)
   (You found it on level 5 of the Dungeon)
Wands
 t - a wand of confusion (20/48)
   (You found it on level 3 of the Dungeon)
Scrolls
 e - 2 scrolls of magic mapping {unknown}
 f - 2 scrolls of fog
 g - a scroll of immolation {!r}
 k - a scroll of identify {@r1}
 n - 2 scrolls of amnesia
 p - 2 scrolls of enchant armour {unknown}
 r - a scroll of teleportation {unknown}
 s - a scroll of enchant weapon {unknown}
Potions
 d - 2 potions of brilliance
 i - a potion of curing
 j - a potion of magic
 l - a potion of might
 q - a potion of berserk rage {!q}
Books
 b - a book of Changes
Comestibles
 c - 2 bread rations {@e1@e1}
 o - 4 royal jellies
 u - 5 chunks of flesh {@w0@w0}
 v - 2 meat rations {@e2@e2}


   Skills:
 - Level 1.1(0.0) Fighting
 - Level 1.7(0.7) Dodging
 - Level 3.0(1.9) Unarmed Combat
 + Level 3.7(2.6) Spellcasting
 + Level 7.3(6.1) Transmutations


You had 5 spell levels left.
You knew the following spells:

 Your Spells              Type           Power        Failure   Level  Hunger
a - Beastly Appendage     Tmut           ###...       1%          1    #......
s - Sticks to Snakes      Tmut           ###.....     2%          2    ###....
x - Blade Hands           Tmut           ###.......   54%         5    ######.


Dungeon Overview and Level Annotations

Branches:
Dungeon (6/15)
 Temple: D:4-7

Altars:
Makhleb
Xom

Annotations:
D:6 Gorglomux's ghost, novice DrTm


Innate Abilities, Weirdness & Mutations

You can walk through water.
Your dull iron-grey scales are very hard. (AC +11)
You cannot fit into any form of body armour.
You can survive without breathing.
You are cold-blooded and may be slowed by cold attacks.


Message History

The giant cockroach bites you but does no damage.
You slice the giant cockroach!!
You kill the giant cockroach!
That felt strangely unrewarding.
No target in view!
No target in view!
You start resting.
Eating one of 8 chunks of flesh {@w0@w0}.
You eat one of the 8 chunks of flesh {@w0@w0}.
Your hands revert to their normal proportions.
You start resting.
Your magical contamination has completely faded away.
Health restored: 52 You regained 5 mp, and now have 10/12 mp.
There is a stone staircase leading down here.
You climb downwards.
You hear the hiss of flowing sand.
There is an entrance to an ossuary on this level.
Hurry and find it before the portal is buried!
There is a stone staircase leading up here.
Okay, then.
Gorglomux's ghost (novice Red Draconian Transmuter) comes into view.
Gorglomux's ghost turns its malevolent gaze towards you.
You create a snake!
You now have 70 arrows.
Gorglomux's ghost breathes negative energy at you.
The bolt of negative energy hits your ball python.
Your ball python is drained!
Your ball python dies!
You now have 9/12 mp.
Casting: Sticks to Snakes You create 2 snakes!
You now have 68 arrows.
You now have 8/12 mp.
Here: Gorglomux's ghost (catching its breath)
The floor.
Casting: Sticks to Snakes You create a snake!
You now have 67 arrows.
A meliai zombie comes into view.
You now have 6/12 mp.
Casting: Sticks to Snakes You create 2 snakes!
You now have 65 arrows.
You now have 4/12 mp.
Unknown command.
Your adder completely misses Gorglomux's ghost.
Gorglomux's ghost barely misses your adder.
The meliai zombie misses your adder.
The meliai zombie closely misses your adder.
Your ball python bites Gorglomux's ghost but does no damage.
Your adder bites Gorglomux's ghost but does no damage.
Some of the chunks of flesh in your inventory have rotted away.
Unknown command.
The meliai zombie hits your ball python!
Your ball python dies!
Your ball python bites Gorglomux's ghost but does no damage.
Your adder misses Gorglomux's ghost. The meliai zombie hits your adder!
The meliai zombie closely misses your adder.
The meliai zombie barely misses you.
The meliai zombie hits you but does no damage.
Your ball python completely misses Gorglomux's ghost.
Your adder closely misses Gorglomux's ghost.
Gorglomux's ghost closely misses you.
Your ball python bites Gorglomux's ghost.
You miss Gorglomux's ghost. The meliai zombie hits you.
The meliai zombie hits you but does no damage.
Your adder closely misses Gorglomux's ghost.
Your ball python barely misses Gorglomux's ghost. x2
Gorglomux's ghost breathes negative energy at you.
The bolt of negative energy hits you!
You feel drained. The meliai zombie hits you.
The meliai zombie closely misses you.
Your ball python bites Gorglomux's ghost but does no damage.
You take 25 damage, and have 27/52 hp.
MASSIVE DAMAGE!!
You swap places.
The meliai zombie hits your adder.
Your adder dies!
Your ball python completely misses Gorglomux's ghost.
Your ball python bites Gorglomux's ghost.
Gorglomux's ghost hits you.
The meliai zombie closely misses your ball python.
The meliai zombie hits your ball python!
Your ball python dies!
Your ball python barely misses Gorglomux's ghost.
You take 4 damage, and have 23/52 hp.
Your ball python completely misses Gorglomux's ghost.
Gorglomux's ghost hits your ball python.
Your ball python dies!
Your ball python bites Gorglomux's ghost but does no damage.
Unknown command.
The meliai zombie hits you but does no damage.
The meliai zombie barely misses you.
Your ball python bites Gorglomux's ghost but does no damage.
Your ball python closely misses Gorglomux's ghost.
The meliai zombie barely misses you.
The meliai zombie hits you but does no damage.
Gorglomux's ghost breathes negative energy at you.
The bolt of negative energy misses you.
The meliai zombie hits you but does no damage. x2
Gorglomux's ghost breathes negative energy at you.
The bolt of negative energy hits the meliai zombie.
The meliai zombie completely resists.
The bolt of negative energy hits you!
You feel drained.
You die...

###########
#....<....#
#...####...# .
##.### ..# #. #.@#
# #.###.Z# .
#......### #..
##.....W.###...#
#......S.S....#
...............###
...................
#####....#####...##
#..### ##..#


You could see Gorglomux's ghost, a meliai zombie and a friendly ball python.

Vanquished Creatures
  A scorpion (D:4)
  A howler monkey (D:5)
  4 crimson imps (D:5)
  A hound (D:4)
  A bullfrog skeleton (D:5)
  An orc wizard (D:5)
  A worker ant (D:4)
  2 worker ant zombies (D:5)
  3 gnolls
  7 adders
  An ooze (D:5)
  An adder skeleton (D:4)
  5 worms
  6 dart slugs
  A leopard gecko (D:1)
  15 orcs
  13 giant cockroaches
  9 goblins
  5 hobgoblins
  3 jackals (D:5)
  5 quokkas
  A ball python (D:3)
  7 bats
  5 frilled lizards
  8 kobolds
  5 rats
112 creatures vanquished.

Vanquished Creatures (collateral kills)
  An orc priest (D:4)
  An orc wizard (D:3)
  2 adders
  An orc (D:4)
5 creatures vanquished.

Grand Total: 117 creatures vanquished

Notes
Turn   | Place    | Note
-------+----------+-------------------------------------------
     0 | D:1      | Gorglomux the Draconian Transmuter began the quest for the Orb.
     0 | D:1      | Reached XP level 1. HP: 16/16 MP: 3/3
    73 | D:1      | Reached XP level 2. HP: 23/23 MP: 3/5
    90 | D:1      | Learned a level 2 spell: Sticks to Snakes
   175 | D:1      | Reached skill level 3 in Transmutations
   827 | D:2      | Reached XP level 3. HP: 16/28 MP: 3/6
  1714 | D:2      | Reached skill level 4 in Transmutations
  2041 | D:3      | Found a burning altar of Makhleb.
  2400 | D:3      | Reached XP level 4. HP: 35/35 MP: 5/7
  2834 | D:3      | HP: 6/35 [gnoll (4)]
  2878 | D:3      | HP: 4/35 [gnoll (6)]
  3132 | D:4      | Reached skill level 5 in Transmutations
  3250 | D:4      | Reached XP level 5. HP: 36/40 MP: 5/8
  3616 | D:4      | HP: 10/40 [worker ant (3)]
  3921 | D:4      | Reached skill level 6 in Transmutations
  4036 | D:4      | Reached XP level 6. HP: 47/47 MP: 9/9
  4306 | D:5      | Entered Level 5 of the Dungeon
  4347 | D:5      | Learned a level 5 spell: Blade Hands
  4934 | D:5      | Found a shimmering altar of Xom.
  5105 | D:5      | Reached skill level 3 in Spellcasting
  5105 | D:5      | Reached skill level 7 in Transmutations
  5574 | D:5      | Your scales start taking on a dull iron-grey colour.
  5574 | D:5      | Reached XP level 7. HP: 36/52 MP: 0/12
  5574 | D:5      | Gained mutation: You can survive without breathing. [Grey Draconian growth]
  5834 | D:6      | Noticed Gorglomux's ghost (novice DrTm)
  5848 | D:6      | Killed from afar by Gorglomux's ghost

Vault maps used:
D:1:      dpeg_arrival_shrine
D:2:      kennysheep_minor_cross
D:3:      lemuel_crystal_altar, first_bread
D:5:      led_xom_imps
D:6:      gammafunk_temple_overflow_statue, cheibrodos_ashenzari_chains,
          minmay_temple_entry_hall, enter_ossuary_4, minmay_statues_item,
          uniq_duvessa

Skill      XL: |  1  2  3  4  5  6 |
---------------+-------------------+-----
Transmutations | 3 4 5 6 7 |  7.3
Spellcasting   | 3 |  3.7
Fighting       | |  1.1
Dodging        | |  1.7
Unarmed Combat | |  3.0

Action                   |  1- 3 |  4- 6 |  7- 9 || total
-------------------------+-------+-------+-------++-------
Melee: Unarmed           |   161 |   316 |    34 ||   511
       Tailslap          |    13 |    34 |     2 ||    49
       Kick              |    10 |    32 |       ||    42
       Headbutt          |    12 |    17 |       ||    29
       Punch             |     1 |     2 |       ||     3
Throw: Tomahawk          |       |    31 |       ||    31
       Stone             |       |    64 |     1 ||    65
 Cast: Beastly Appendage |    40 |    31 |       ||    71
       Sticks to Snakes  |     1 |     7 |     4 ||    12
       Blade Hands       |       |     3 |     2 ||     5
  Use: Potion            |       |     1 |       ||     1
       Scroll            |       |     1 |     6 ||     7
 Stab: Sleeping          |     1 |       |       ||     1
  Eat: Chunk             |     6 |    13 |     2 ||    21
Armor: Skin              |    55 |    79 |    47 ||   181
Dodge: Dodged            |   119 |   186 |    48 ||   353

Vault maps used:
D:1:      dpeg_arrival_shrine
D:2:      kennysheep_minor_cross
D:3:      lemuel_crystal_altar, first_bread
D:5:      led_xom_imps
D:6:      gammafunk_temple_overflow_statue, cheibrodos_ashenzari_chains,
          minmay_temple_entry_hall, enter_ossuary_4, minmay_statues_item,
          uniq_duvessa

Table legend:
 A = Turns spent in this place as a percentage of turns spent in the entire game.
 B = Non-inter-level travel turns spent in this place as a percentage of non-inter-level travel turns spent in the entire game.
 C = Inter-level travel turns spent in this place as a percentage of turns spent in this place.
 D = Turns resting spent in this place as a percentage of non-inter-level travel turns spent in this place.
 E = Turns spent auto-exploring this place as a percentage of non-inter-level travel turns spent in this place.
 F = Non-inter-level travel turns spent in this place divided by the number of levels of this place that you've seen.
                   A       B       C       D       E      F
               +-------+-------+-------+-------+-------+----------------------
         Total | 100.0 | 100.0 |   0.8 |   4.3 |   5.9 | 352.5
       Dungeon | 100.0 | 100.0 |   0.8 |   4.3 |   5.9 | 352.5
               +-------+-------+-------+-------+-------+----------------------

Table legend:
 A = Kills in this place as a percentage of kills in entire the game.
 B = Kills by you in this place as a percentage of kills by you in the entire game.
 C = Kills by friends in this place as a percentage of kills by friends in the entire game.
 D = Other kills in this place as a percentage of other kills in the entire game.
 E = Experience gained in this place as a percentage of experience gained in the entire game.
 F = Experience gained in this place divided by the number of levels of this place that you have seen.
                   A       B       C       D       E      F
               +-------+-------+-------+-------+-------+----------------------
         Total | 100.0 | 100.0 | 100.0 |  -nan | 100.0 | 152.8
       Dungeon | 100.0 | 100.0 | 100.0 |  -nan | 100.0 | 152.8
               +-------+-------+-------+-------+-------+----------------------
